 Dungeon Crawl Stone Soup version 0.30-a0-862-g1aabd4f (webtiles) character file.

Game seed: 3227220807937270000

1758 Nithhogg the Cleaver (level 9, -6/81 HPs)
             Began as a Hill Orc Fighter on Mar 8, 2023.
             Was a Priest of Zin.
             Killed from afar by an electric eel (11 damage)
             ... with a bolt of electricity
             ... on level 7 of the Dungeon.
             The game lasted 00:11:54 (6500 turns).

Nithhogg the Cleaver (Hill Orc Fighter)             Turns: 6500, Time: 00:11:55

Health: -6/81      AC:  7    Str: 29    XL:     9   Next: 6%
Magic:  13/13      EV: 15    Int:  8    God:    Zin [***...]
Gold:   92         SH:  0    Dex: 10    Spells: 8/8 levels left

rFire   . . .      SeeInvis .    d - +4 flail (holy)
rCold   . . .      Faith    +    A - orb {light}
rNeg    . . .      Spirit   .    B - +1 ring mail {rPois}
rPois   +          Reflect  .    (no helmet)
rElec   .          Rampage  .    (no cloak)
rCorr   .                        (no gloves)
Will    .....                    (no boots)
Stlth   x                          - amulet of faith
HPRegen 0.33/turn                t - +5 ring of evasion
MPRegen 0.13/turn                D - +6 ring of strength

@: about to teleport, glowing
A: no striking features
a: Renounce Religion, Recite, Vitalisation, Imprison, Donate Gold


You were on level 7 of the Dungeon.
You worshipped Zin.
Zin was most pleased with you.
You visited 2 branches of the dungeon, and saw 8 of its levels.

You collected 348 gold pieces.
You donated 256 gold pieces to Zin.

Inventory:

Hand Weapons
 a - a +0 war axe
 d - a +4 flail of holy wrath (weapon)
Armour
 b - a +1 scale mail
 c - a +0 buckler
 A - an orb of light (worn)
 B - a +1 ring mail of poison resistance (worn)
 F - the +0 leather armour of a treasure trove {Rampage}
   (You found it on level 7 of the Dungeon)

   Rampage:   It bestows one free step when moving towards enemies.
Jewellery
 p - a ring of magical power
 t - a +5 ring of evasion (left hand)
 v - a ring of protection from cold
 x - an amulet of faith (around neck)
 D - a +6 ring of strength (right hand)
Wands
 l - a wand of roots (3)
 r - a wand of flame (23)
Scrolls
 e - a scroll of teleportation
 h - 9 scrolls of identify
 j - a scroll of poison
 k - a scroll of immolation
 o - a scroll of enchant armour
 q - a scroll of magic mapping
 y - a scroll of noise {unknown}
 C - 2 scrolls of butterflies {unknown}
 E - a scroll of fog {unknown}
 G - a scroll of enchant weapon {unknown}
 H - a scroll of fear {unknown}
Potions
 f - a potion of heal wounds {unknown}
 g - a potion of attraction
 i - 6 potions of curing {unknown}
 m - 3 potions of mutation {unknown}
 n - 2 potions of brilliance {unknown}
 s - 3 potions of cancellation {unknown}
 u - 2 potions of lignification {unknown}
 w - a potion of invisibility {unknown}
 z - a potion of magic {unknown}


   Skills:
 + Level 8.0 Fighting
 + Level 8.2 Axes
 + Level 7.3 Armour
 - Level 3.2 Shields
 + Level 5.9 Invocations


You had 8 spell levels left.
You didn't know any spells.
Your spell library contained the following spells:

 Spells                   Type           Power      Damage    Failure   Level
 Apportation              Tloc           0%         N/A       52%         1
 Shock                    Conj/Air       0%         1d3       52%         1
 Call Canine Familiar     Summ           0%         N/A       87%         3
 Inner Flame              Hex/Fire       0%         N/A       87%         3
 Portal Projectile        Hex/Tloc       0%         N/A       87%         3
 Swiftness                Air            0%         N/A       87%         3
 Airstrike                Air            0%         2d(0-16)  99%         4
 Cause Fear               Hex            0%         N/A       99%         4
 Leda's Liquefaction      Hex/Erth       0%         N/A       99%         4
 Alistair's Intoxication  Tmut/Pois      0%         N/A       100%        5
 Discord                  Hex            0%         N/A       100%        8


Dungeon Overview and Level Annotations

Branches:
Dungeon (7/15)             Temple (1/1) D:7

Altars:
Ashenzari
Cheibriados
Dithmenos
Elyvilon
Gozag
Hepliaklqana
Kikubaaqudgha
Nemelex Xobeh
Okawaru
Qazlal
Ru
Trog
Uskayaw
Vehumet
Xom
Yredelemnul
Zin

Shops:
D:2 [


Message History

You are too injured to fight recklessly!
You are too injured to fight recklessly!
You are too injured to fight recklessly!
You are too injured to fight recklessly!
You are too injured to fight recklessly!
You are too injured to fight recklessly!
You are too injured to fight recklessly!
You are too injured to fight recklessly!
You are too injured to fight recklessly!
You are too injured to fight recklessly!
You are too injured to fight recklessly!
You are too injured to fight recklessly!
You are too injured to fight recklessly!
You are too injured to fight recklessly!
You hit the gnoll but do no damage.
The gnoll is severely wounded.
The gnoll hits you from afar with a +0 halberd!
The gnoll barely misses you. The gnoll hits you with a +0 whip.
The gnoll hits you with a +0 halberd!
* * * LOW HITPOINT WARNING * * *
You thump the gnoll!
The gnoll is severely wounded.
The gnoll closely misses you. The gnoll hits you with a +0 halberd.
* * * LOW HITPOINT WARNING * * *
You thump the gnoll!
You kill the gnoll!
The gnoll hits you but does no damage.
A gnoll comes into view. It is wielding a +0 spear.
The gnoll attacks as you move away! The gnoll barely misses you.
An electric eel comes into view.
The electric eel moves out of view.
You see here a +0 halberd.
Okay, then.
As you read the scroll of teleportation, it crumbles to dust.
You feel strangely unstable. The gnoll completely misses you.
The electric eel shoots out a bolt of lightning at you!
The bolt of electricity hits the gnoll!
The bolt of electricity hits you!
* * * LOW HITPOINT WARNING * * *
The bolt of electricity hits you!
You die...

#......#
#..#.#..
#..#....
##..#####
#####...# #
###.....#.# #
###...#####..#
###.g)### ##.#
#.@)### .#
#.#.# .#
#..~~# ~~
#.~g~~# ~
#.~~~.#
#.P♣S.# #..
~~# #.. ≈.~


You could see an electric eel and 2 gnolls.

Vanquished Creatures
  Prince Ribbit (D:5)
  A vampire mosquito (D:6)
  Edmund (D:5)
  A water moccasin (D:7)
  2 ice beasts (D:6)
  An ogre (D:5)
  A phantom (D:4)
  2 kobold brigands
  A bullfrog (D:7)
  A gnoll sergeant (D:7)
  A scorpion (D:6)
  3 hounds
  2 jellies
  A sleepcap (D:5)
  Natasha (twice) (D:2)
  An iguana (D:7)
  An orc wizard (D:4)
  Terence (D:2)
  9 gnolls
  4 adders
  4 white imps
  An ufetubus (D:4)
  3 worms
  2 dart slugs
  7 orcs
  3 bats
  5 endoplasms
  9 giant cockroaches
  5 goblins
  14 hobgoblins
  3 jackals (D:2)
  17 kobolds
  2 quokkas (D:1)
  8 ball pythons
  3 frilled lizards
  6 rats
129 creatures vanquished.

Vanquished Creatures (others)
  48 plants (D:7)
48 creatures vanquished.

Grand Total: 177 creatures vanquished

Notes
Turn   | Place    | Note
-------+----------+-------------------------------------------
     0 | D:1      | Nithhogg the Hill Orc Fighter began the quest for the Orb.
     0 | D:1      | Reached XP level 1. HP: 19/19 MP: 1/1
   220 | D:1      | Reached XP level 2. HP: 19/27 MP: 2/2
  1069 | D:2      | Noticed Terence
  1071 | D:2      | Reached XP level 3. HP: 33/33 MP: 3/3
  1087 | D:2      | Killed Terence
  1228 | D:2      | Reached XP level 4. HP: 36/41 MP: 4/4
  1309 | D:2      | Found a stormy altar of Qazlal.
  1510 | D:2      | Found Goguap's Armour Shoppe.
  1598 | D:2      | Noticed Natasha
  1602 | D:2      | Killed Natasha
  1848 | D:2      | Noticed Natasha
  1854 | D:2      | Killed Natasha
  1855 | D:2      | Reached XP level 5. HP: 34/47 MP: 5/5
  2206 | D:3      | Reached skill level 5 in Fighting
  2383 | D:3      | Found a glowing silver altar of Zin.
  2396 | D:3      | Found a radiant altar of Vehumet.
  2415 | D:3      | Became a worshipper of Zin the Law-Giver
  2415 | D:3      | Reached * piety under Zin
  2811 | D:4      | Found a hide-covered altar of Uskayaw.
  2824 | D:4      | Reached skill level 5 in Axes
  2984 | D:4      | Noticed a phantom
  2995 | D:4      | Killed a phantom
  2996 | D:4      | Reached skill level 5 in Armour
  2996 | D:4      | Reached XP level 6. HP: 53/56 MP: 6/6
  3290 | D:5      | Entered Level 5 of the Dungeon
  3866 | D:5      | Noticed Prince Ribbit
  3887 | D:5      | Killed Prince Ribbit
  3888 | D:5      | Reached XP level 7. HP: 25/63 MP: 6/8
  4586 | D:5      | Noticed Edmund
  4618 | D:5      | Killed Edmund
  5040 | D:6      | Reached XP level 8. HP: 66/71 MP: 10/10
  5659 | D:6      | Found an iron altar of Okawaru.
  5993 | D:7      | Reached skill level 5 in Invocations
  6061 | D:7      | Identified the +0 leather armour of a treasure trove
                  | {Rampage}
  6075 | D:7      | Reached ** piety under Zin
  6111 | D:7      | Found a shimmering altar of Xom.
  6141 | D:7      | Found a stormy altar of Qazlal.
  6165 | D:7      | Found a staircase to the Ecumenical Temple.
  6190 | Temple   | Entered the Ecumenical Temple
  6307 | Temple   | Donated 148 gold pieces to Zin
  6312 | D:7      | Donated 74 gold pieces to Zin
  6328 | D:7      | Reached *** piety under Zin
  6433 | D:7      | Found a hazy altar of Hepliaklqana.
  6439 | D:7      | Reached XP level 9. HP: 80/81 MP: 13/13
  6500 | D:7      | Killed from afar by an electric eel

Illustrated notes

Levels and vault maps discovered:
D:1:      dpeg_arrival_more_subterranean_lakeside_camping, layout_loops_corners
D:2:      layout_loops_ring, basic_altar, serial_shops, nicolae_lakefront_shop,
          grunt_decor_resistance, minmay_misc_feat_room, st_stairs_5,
          corexii_corridor_pit, uniq_natasha, uniq_terence
D:3:      layout_basic, nicolae_vehumet_radiance, mainiacjoe_overflow_alcove_4
D:4:      layout_gridville, nicolae_uskayaw_dance_hall, minmay_misc_feat_roman,
          minivault_4, chequers_serial_rivers_micro_c
D:5:      layout_layer_cave, minmay_misc_feat_diagonals, uniq_edmund,
          uniq_prince_ribbit1
D:6:      layout_basic, okawaru_altar_gauntlet_db, minmay_microvault
D:7:      layout_rooms, nicolae_sif_muna_condensation,
          mainiacjoe_overflow_six_doors_small, nicolae_hepliaklqana_hazy_memory,
          jmf_multi_god_temple, minmay_shop_enchanted_jewellery,
          hangedman_glass_teeth, serial_bayou_lagoon_a
Temple:   nicolae_temple_two_arcs

Skill      XL: |  1  2  3  4  5  6  7  8  9 |
---------------+----------------------------+-----
Axes           | 3 4 5 6 8 |  8.2
Fighting       | 4 5 6 7 8 |  8.0
Armour         | 4 5 6 7 |  7.3
Invocations    | 2 3 5 |  5.9
Shields        | |  3.2

Action                     |  1- 3 |  4- 6 |  7- 9 || total
---------------------------+-------+-------+-------++-------
  Melee: War axe           |    90 |   157 |    51 ||   298
         Punch             |     1 |     1 |     1 ||     3
         Flail             |       |       |   126 ||   126
 Invoke: Donate Gold       |       |       |     2 ||     2
    Use: Scroll            |       |     5 |     1 ||     6
         Potion            |       |       |     3 ||     3
 Armour: Scale mail        |    54 |    75 |    40 ||   169
         Ring mail         |       |       |    25 ||    25
  Dodge: Dodged            |    38 |   104 |   192 ||   334

Table legend: (Time is in decaauts)
 A = Elapsed time spent in this place.
 B = Non-inter-level travel time spent in this place.
 C = Inter-level travel time spent in this place.
 D = Time resting spent in this place.
 E = Time spent auto-exploring this place.
 F = Levels seen in this place.
 G = Mean time per level.
                   A        B        C        D        E       F      G
               +--------+--------+--------+--------+--------+-----+--------+
         Total |   6613 |   6516 |     97 |    526 |   4708 |   8 |  826.6 |
       Dungeon |   6492 |   6395 |     97 |    526 |   4605 |   7 |  927.4 |
        Temple |    120 |    120 |      0 |      0 |    103 |   1 |  120.0 |
               +--------+--------+--------+--------+--------+-----+--------+

Top non-repeatable levels by time:
     D:5: 1453 daAuts
     D:4: 1226 daAuts
     D:2: 1120 daAuts
     D:1: 977 daAuts
     D:6: 803 daAuts
     D:3: 491 daAuts
     D:7: 418 daAuts
  Temple: 120 daAuts
